 Dungeon Crawl Stone Soup version 0.16.2-3-ga078185 (webtiles) character file.

723 Enish the Chopper (level 7, -3/35 HPs)
             Began as a Vine Stalker Fighter on Sept 8, 2015.
             Was an Initiate of Ru.
             Slain by a gnoll sergeant
             ... wielding a +2 spear of flaming
              (7 damage)
             ... on level 4 of the Dungeon.
             The game lasted 00:14:21 (3554 turns).

Enish the Chopper (Vine Stalker Fighter)            Turns: 3554, Time: 00:14:21

Health: -3/35      AC:  6    Str: 19    XL:     7   Next: 71%
Magic:  0/9        EV:  7    Int: 10    God:    Ru [......]
Gold:   206        SH: 10    Dex: 13    Spells: 0 memorised, 6 levels left

rFire  . . .     SeeInvis .     a - +0 war axe (curse)
rCold  . . .     Clarity  .     b - +0 scale mail
rNeg   . . .     SustAb   .     c - +1 shield
rPois  .         Gourm    .     (no helmet)
rElec  .         Spirit   +     (no cloak)
rCorr  .         Warding  .     (no gloves)
rMut   .         Stasis   .     (no boots)
MR     .....                    (no amulet)
Stlth  ..........               (no ring)
                                (no ring)

@: not resistant to hostile enchantments, extremely unstealthy
A: fangs 2, regeneration 2, magic shield, antimagic bite, no device heal 3, rot
immunity, no stealth
a: Renounce Religion


You were on level 4 of the Dungeon.
You worshipped Ru.
Ru was noncommittal.
You were hungry.

You visited 1 branch of the dungeon, and saw 4 of its levels.

You collected 206 gold pieces.

Inventory:

Hand weapons
 a - a cursed +0 war axe (weapon)
Missiles
 n - 3 poisoned needles
Armour
 b - a +0 scale mail (worn)
 c - a +1 shield (worn)
 o - a +0 ring mail
Magical devices
 e - a wand of paralysis (7)
Scrolls
 f - a scroll of remove curse
 i - 3 scrolls of magic mapping
 l - 2 scrolls of amnesia
 r - a scroll of teleportation
Potions
 g - 2 potions of agility
 m - a potion of invisibility
 p - a potion of flight
 t - a potion of curing
Comestibles
 d - 9 bread rations
 j - 5 fruits
 k - a meat ration


   Skills:
 - Level 2.6 Fighting
 * Level 7.7 Axes
 - Level 2.4 Armour
 - Level 2.6 Shields


You had 6 spell levels left.
You didn't know any spells.

Dungeon Overview and Level Annotations

Branches:
Dungeon (4/15)
 Temple: D:4-7

Altars:
Cheibriados
Nemelex Xobeh
Ru


Innate Abilities, Weirdness & Mutations

You have extremely sharp teeth.
You heal very quickly.
When hurt, damage is shared between your health and your magic reserves.
Your bite disrupts and absorbs the magic of your enemies.
Potions and wands cannot restore your health.
You are immune to rotting.
You cannot be stealthy.


Message History

The gnoll sergeant is severely wounded.
The gnoll sergeant hits you but does no damage.
You hit the gnoll sergeant but do no damage.
The gnoll sergeant is severely wounded.
You block the gnoll sergeant's attack.
You closely miss the gnoll sergeant.
The gnoll sergeant is severely wounded.
The gnoll sergeant completely misses you.
You completely miss the gnoll sergeant. The gnoll sergeant blocks your attack.
The gnoll sergeant is severely wounded.
The gnoll sergeant barely misses you. The gnoll sergeant blocks your attack.
You bite the gnoll sergeant, but do no damage.
The gnoll sergeant is severely wounded.
The gnoll sergeant hits you with a spear of flaming!
* * * LOW HITPOINT WARNING * * *
The gnoll sergeant burns you.
* * * LOW HITPOINT WARNING * * *
The gnoll sergeant hits you with a spear of flaming!
You die...

......#######..##.###############
............)....................
≈≈≈≈≈≈≈≈≈≈≈....≈≈≈≈≈≈≈≈≈≈≈≈≈≈≈≈≈≈
≈≈≈≈≈≈≈≈≈≈≈....≈≈≈≈≈≈≈≈≈≈≈≈≈≈≈≈≈≈
≈≈≈≈≈≈≈≈≈≈≈....≈≈≈≈≈≈≈≈≈≈≈≈#####≈
..............(............#ggg#≈
###########''''#############.gg#≈
#....#)......# #'###≈
...#....#@.))...# ..#.≈≈
....'....g....).)# .#.≈≈
###############)# #.≈≈ #.......#
#.≈≈ ........# #.≈≈ ........#
#.≈≈ #......?. .#.≈≈ #######?
#.#.≈≈ . #'###≈


You could see a gnoll sergeant.

Vanquished Creatures
  A phantom (D:4)
  An ogre (D:4)
  The ghost of Dead the Bolt Thrower, an average KoHu (D:3)
  A wyvern zombie (D:4)
  A scorpion (D:4)
  A hound (D:4)
  An iguana (D:4)
  A mummy (D:4)
  17 gnolls (D:4)
  2 adders
  A giant mite (D:2)
  2 worms
  4 giant geckos
  An ooze (D:3)
  An orc (D:3)
  11 bats
  8 hobgoblins
  16 jackals
  4 giant cockroaches
  3 giant newts
  9 goblins
  3 hobgoblin zombies (D:4)
  10 kobolds
  A kobold zombie (D:4)
  A quokka (D:3)
  7 rats
109 creatures vanquished.

Notes
Turn   | Place    | Note
--------------------------------------------------------------
     0 | D:1      | Enish, the Vine Stalker Fighter, began the quest for the Orb.
     0 | D:1      | Reached XP level 1. HP: 11/11 MP: 1/1
   164 | D:1      | Reached XP level 2. HP: 16/16 MP: 3/3
   727 | D:1      | Reached skill level 3 in Axes
   770 | D:1      | Reached XP level 3. HP: 17/19 MP: 4/4
  1196 | D:2      | Found a sacrificial altar of Ru.
  1210 | D:2      | Became a worshipper of Ru the Awakened
  1380 | D:2      | You fall through a shaft!
  1488 | D:3      | Reached XP level 4. HP: 18/23 MP: 5/5
  1609 | D:2      | Found a sparkling altar of Nemelex Xobeh.
  1714 | D:2      | Found a snail-covered altar of Cheibriados.
  1975 | D:3      | Reached skill level 4 in Axes
  2064 | D:3      | Noticed Dead's ghost (average KoHu)
  2071 | D:3      | Killed Dead's ghost
  2071 | D:3      | Reached XP level 5. HP: 17/27 MP: 7/7
  2441 | D:3      | Gained mutation: You cannot be stealthy. [Ru sacrifice]
  2479 | D:4      | Reached skill level 5 in Axes
  2504 | D:4      | Noticed a phantom
  2628 | D:4      | Gained mutation: You heal very quickly. [vine stalker growth]
  2628 | D:4      | Reached XP level 6. HP: 14/32 MP: 4/8
  3066 | D:4      | Reached skill level 6 in Axes
  3298 | D:4      | Killed a phantom
  3298 | D:4      | Reached XP level 7. HP: 24/35 MP: 7/9
  3316 | D:4      | Noticed an ogre
  3324 | D:4      | Killed an ogre
  3324 | D:4      | Reached skill level 7 in Axes
  3554 | D:4      | Slain by a gnoll sergeant

Action                   |  1- 3 |  4- 6 |  7- 9 || total
-------------------------+-------+-------+-------++-------
Melee: War axe           |   114 |   158 |    79 ||   351
Invok: Sacrifice Stealth |       |     1 |       ||     1
  Use: Scroll            |       |    11 |       ||    11
       Potion            |       |     2 |       ||     2
  Eat: Chunk             |     2 |     5 |       ||     7
       Pizza             |       |       |     1 ||     1
